 Dungeon Crawl Stone Soup version 0.30-b1-2-g02819fbbbe (webtiles) character file.

Game seed: 8391701491315763401

144 Mesmaeker13 the Grave Robber (level 4, -6/33 HPs)
             Began as a Demigod Necromancer on June 11, 2023.
             Mangled by Prince Ribbit (16 damage)
             ... on level 5 of the Dungeon.
             The game lasted 00:05:05 (2504 turns).

Mesmaeker13 the Grave Robber (Demigod Necromancer)  Turns: 2504, Time: 00:05:06

Health: -6/33      AC:  3    Str:  9    XL:     4   Next: 77%
Magic:  19/20      EV: 13    Int: 21    God:
Gold:   192        SH:  0    Dex: 14    Spells: 0/8 levels left

rFire   . . .        p - +2 whip (elec)
rCold   . . .        (no shield)
rNeg    . . .        a - +0 robe
rPois   .            (no helmet)
rElec   .            (no cloak)
rCorr   .            (no gloves)
SInv    +            f - +0 pair of boots
Will    .....        (no amulet)
Stlth   ++           n - ring of magical power
HPRegen 0.25/turn    h - ring of see invisible
MPRegen 0.17/turn

%: no passive effects
@: no status effects
A: high MP 1, forlorn, divine attributes
a: no special abilities


You were on level 5 of the Dungeon.
You visited 1 branch of the dungeon, and saw 5 of its levels.

You collected 212 gold pieces.
You spent 20 gold pieces at shops.

Inventory:

Hand Weapons
 i - a +1 dagger of draining
 p - a +2 whip of electrocution (weapon)
Armour
 a - a +0 robe (worn)
 f - a +0 pair of boots (worn)
Jewellery
 h - a ring of see invisible (right hand)
 n - a ring of magical power (left hand)
Scrolls
 c - a scroll of identify
 d - a scroll of magic mapping
 g - 2 scrolls of poison {unknown}
 k - 2 scrolls of teleportation {unknown}
 m - 2 scrolls of enchant weapon
 o - a scroll of amnesia {unknown}
Potions
 b - a potion of magic
 j - a potion of mutation {unknown}
 l - a potion of curing


   Skills:
 + Level 3.1 Dodging
 - Level 1.7 Stealth
 + Level 2.9 Spellcasting
 + Level 4.4 Necromancy


You couldn't memorise any spells.
You knew the following spells:

 Your Spells              Type           Power      Damage    Failure   Level
a - Necrotise             Necr           84%        1d8       2%          1
b - Vampiric Draining     Necr           21%        2d7       6%          3
c - Animate Dead          Necr           21%        N/A       22%         4

Your spell library contained the following spells:

 Spells                   Type           Power      Damage    Failure   Level
 Magic Dart               Conj           12%        1d3       14%         1
 Summon Small Mammal      Summ           12%        N/A       14%         1
 Searing Ray              Conj           6%         2d4       21%         2
 Call Canine Familiar     Summ           3%         N/A       38%         3
 Summon Guardian Golem    Hex/Summ       3%         N/A       38%         3
 Agony                    Necr           21%        N/A       52%         5
 Fulminant Prism          Conj/Hex       1%         3d5       80%         4


Dungeon Overview and Level Annotations

Branches:
Dungeon (5/15)
 Temple: D:4-7

Shops:
D:1 =:   D:2 ?(??*

Annotations:
D:5 Prince Ribbit


Innate Abilities, Weirdness & Mutations

You have an increased reservoir of magic. (+10% MP)
You shall have no god before yourself.
Your divine heritage dramatically boosts your attributes as you level up.


Message History

Found six items.
You now have 192 gold pieces (gained 19).
h - a ring of see invisible
h - a ring of see invisible (right hand) Prince Ribbit comes into view.
Prince Ribbit croaks.
You hear an angry hiss.
You hear a shout! x2
Prince Ribbit croaks regally.
Okay, then.
Casting: Necrotise (safe; 2% risk of failure)
Confirm with . or Enter, or press ? or * to list all spells.
Okay, then.
An iguana comes into view.
Casting: Necrotise (safe; 2% risk of failure)
Confirm with . or Enter, or press ? or * to list all spells.
Aiming: Vampiric Draining (dangerous; 6% risk of failure)
Press: ? - help, Shift-Dir - straight line, f - Prince Ribbit
Aim: Prince Ribbit Nothing appears to happen.
Prince Ribbit hits you!
Ouch! That really hurt!
Prince Ribbit barely misses you.
Unknown command.
Unknown command. 2 orcs come into view.
Found a scroll of identify.
Prince Ribbit hits you!
* * * LOW HITPOINT WARNING * * *
Unknown command.
Blink to where?
Press: ? - help, Dir - move target
As you read the scroll of blinking, it crumbles to dust.
Prince Ribbit blinks!
It was a potion of curing.
You feel better.
Found a stone staircase leading down.
A scorpion comes into view.
Prince Ribbit blinks!
Found a stone staircase leading up.
Prince Ribbit catches a moth with his tongue.
As you read the scroll labelled MAIMOW QOOWNA, it crumbles to dust.
You feel aware of your surroundings.
You sensed 1 altar.
It was a scroll of magic mapping.
Prince Ribbit hits you!
You die...

..................#
....(.............#
.................#*
.........l.......##
.)..##..#.........#
....#...#.........#
../.....#..≈≈.≈≈..#
....##.##..≈#+#F..#
....#..##...+_+.@.#
......####.≈#+#≈.##
###..#***..≈≈.≈≈..*
#.##*,.......s..#
**..,,.#........>#
*,,,****.........#
*,,,* *.....<...#
**,,** *........##
*,,,*****,*,,,,,**


You could see Prince Ribbit, a scorpion and an iguana.

Vanquished Creatures
  An orc priest (D:3)
  An orc wizard (D:2)
  An adder (D:3)
  2 dart slugs (D:1)
  9 orcs
  5 bats
  6 endoplasms
  A giant cockroach (D:2)
  5 goblins
  7 hobgoblins
  9 kobolds
  3 quokkas
  2 ball pythons
  9 frilled lizards
  4 rats (D:3)
65 creatures vanquished.

Vanquished Creatures (collateral kills)
  2 frilled lizards (D:2)
  A kobold (D:2)
  A rat (D:2)
4 creatures vanquished.

Grand Total: 69 creatures vanquished

Notes
Turn   | Place    | Note
-------+----------+-------------------------------------------
     0 | D:1      | Mesmaeker13 the Demigod Necromancer began the quest for the
                  | Orb.
     0 | D:1      | Reached XP level 1. HP: 14/14 MP: 5/5
     2 | D:1      | Found Nyur's Vocational Training.
   347 | D:1      | Reached XP level 2. HP: 20/20 MP: 4/7
   505 | D:1      | Found Deojaj's One-of-a-Kind Rings.
  1044 | D:2      | Found Piohoz's General Store.
  1085 | D:2      | Found Eqoleek's Magic Scroll Shop.
  1186 | D:2      | Found Kynutump's Magic Scroll Shoppe.
  1195 | D:2      | Bought a scroll of identify for 20 gold pieces
  1308 | D:2      | Reached skill level 4 in Necromancy
  1308 | D:2      | Reached XP level 3. HP: 26/26 MP: 7/9
  1312 | D:2      | Learned a level 3 spell: Vampiric Draining
  1541 | D:2      | Found Piteumy's Antique Weapon Shop.
  1544 | D:2      | Found Wufani's Magic Scroll Emporium.
  2018 | D:3      | Reached XP level 4. HP: 29/33 MP: 10/10
  2206 | D:3      | Identified the +0 robe of Least Resistance {+Inv rC+}
  2236 | D:3      | Noticed an ogre
  2341 | D:4      | Learned a level 4 spell: Animate Dead
  2468 | D:3      | You fall into a shaft and drop 2 floors!
  2468 | D:5      | Entered Level 5 of the Dungeon
  2481 | D:5      | Noticed Prince Ribbit
  2504 | D:5      | Mangled by Prince Ribbit

Illustrated notes

Levels and vault maps discovered:
D:1:      ncdulo_watergridlock, layout_basic, nicolae_shop_unique_rings,
          hex_intersection, nicolae_shop_vocational
D:2:      layout_rooms, serial_shops, shop, nicolae_shop_pleasant_corner_grove,
          nicolae_shop_crystal, nicolae_shop_pleasant_corner_grove,
          nicolae_shop_trees, minmay_lizard_pond
D:3:      layout_basic, grunt_dithmenos_smoke, pf_guarded_unrand_woodcutter
D:4:      corexii_shack_village, layout_basic, palyth_stone_intersect,
          grunt_decor_arrowhead
D:5:      layout_rooms, kennysheep_mini_moat, chequers_hall_statues_corner_a,
          uniq_crazy_yiuf_cottage, uniq_prince_ribbit1

Skill      XL: |  1  2  3  4 |
---------------+-------------+-----
Dodging        | 2 3 |  3.1
Spellcasting   | 2 |  2.9
Necromancy     | 4 |  4.4
Stealth        | |  1.7

Action                     |  1- 3 |  4- 6 || total
---------------------------+-------+-------++-------
  Melee: Unarmed           |     5 |       ||     5
         Long sword        |     2 |       ||     2
         Dagger            |    17 |     1 ||    18
         Whip              |       |    15 ||    15
         Punch             |       |     1 ||     1
   Cast: Necrotise         |    84 |    20 ||   104
         Vampiric Draining |     2 |     5 ||     7
    Use: Scroll            |     2 |     2 ||     4
         Potion            |       |     1 ||     1
   Stab: Sleeping          |       |     1 ||     1
 Armour: Robe              |    12 |     6 ||    18
  Dodge: Dodged            |    23 |    13 ||    36
